 Dungeon Crawl Stone Soup version 0.30.0 (webtiles) character file.

Game seed: 16293568411237027187

8446 booth the Summoner (level 11, -2/83 HPs)
             Began as a Gnoll Summoner on May 4, 2023.
             Was a High Priest of Jiyva.
             Slain by an unseen horror (7 damage)
             ... on level 11 of the Dungeon on May 7, 2023.
             The game lasted 01:08:36 (9167 turns).

booth the Summoner (Gnoll Summoner)                 Turns: 9167, Time: 01:08:36

Health: -2/83      AC: 10    Str:  8    XL:     11   Next: 31%
Magic:  21/23      EV: 14    Int: 24    God:    Jiyva [*****.]
Gold:   400        SH:  0    Dex: 21    Spells: 7/26 levels left

rFire   . . .        q - +8 hammer "Niywuan" {pain, rCorr Dex+4}
rCold   . . .        (no shield)
rNeg    . . .        o - quicksilver dragon scales
rPois   .            e - +0 helmet
rElec   .            h - +0 cloak
rCorr   +            j - +0 pair of gloves
SInv    .            (no boots)
Will    ++...        (no amulet)
Stlth   +++          t - +6 ring of dexterity
HPRegen 3.37/turn    u - ring of willpower
MPRegen 0.63/turn

%: no passive effects
@: calling ooze
A: fangs 1, strong nose, distributed training, clever 2, regeneration 2,
pseudopods 2, evolution 2, jelly sensing items, engulf
a: Renounce Religion, Oozemancy, Slimify


You were on level 11 of the Dungeon.
You worshipped Jiyva.
Jiyva was extremely pleased with you.
You visited 1 branch of the dungeon, and saw 11 of its levels.

You collected 400 gold pieces.

Inventory:

Hand Weapons
 n - the +7 flail of Zeim {distort, *Corrode +Blink Str+9 Dex-5}
   (You found it on level 2 of the Dungeon)

   Str:       It affects your strength (+9).
   Dex:       It affects your dexterity (-5).
   +Blink:    It lets you blink.
   *Corrode:  It may corrode you when you take damage.
 q - the +8 hammer "Niywuan" (weapon) {pain, rCorr Dex+4}
   (You found it on level 3 of the Dungeon)

   Dex:       It affects your dexterity (+4).
   rCorr:     It protects you from acid and corrosion.
 s - a +1 short sword of venom
Missiles
 f - 7 poisoned darts (quivered)
 v - 3 boomerangs
Armour
 a - a +0 robe
 e - a +0 helmet (worn)
 h - a +0 cloak (worn)
 j - a +0 pair of gloves (worn)
 l - a scarf of invisibility
 o - quicksilver dragon scales (worn)
Jewellery
 i - a ring of ice
 m - an amulet of faith
 t - a +6 ring of dexterity (left hand)
 u - a ring of willpower (right hand)
Wands
 d - a wand of polymorph (6)
 k - a wand of digging (1)
Scrolls
 c - 2 scrolls of blinking
 w - 2 scrolls of magic mapping
Potions
 b - 3 potions of magic
 g - 2 potions of might
 p - a potion of lignification
 r - a potion of mutation
 x - a potion of attraction {unknown}
 z - a potion of ambrosia {unknown}


   Skills:
 + Level 6.4 Fighting
 + Level 6.4 Short Blades
 + Level 6.4 Long Blades
 + Level 6.4 Axes
 + Level 6.4 Maces & Flails
 + Level 6.4 Polearms
 + Level 6.4 Staves
 + Level 6.4 Ranged Weapons
 + Level 6.4 Throwing
 + Level 6.4 Armour
 + Level 8.0 Dodging
 + Level 7.7 Stealth
 + Level 6.4 Shields
 + Level 6.4 Unarmed Combat
 + Level 8.2 Spellcasting
 + Level 5.3 Conjurations
 + Level 5.3 Hexes
 + Level 9.0 Summonings
 + Level 5.3 Necromancy
 + Level 5.3 Translocations
 + Level 5.3 Transmutations
 + Level 5.3 Fire Magic
 + Level 5.3 Ice Magic
 + Level 5.3 Air Magic
 + Level 5.3 Earth Magic
 + Level 5.3 Poison Magic
 + Level 7.0 Invocations
 + Level 6.4 Evocations


You had 7 spell levels left.
You knew the following spells:

 Your Spells              Type           Power      Damage    Failure   Level
a - Summon Small Mammal   Summ           100%       N/A       1%          1
b - Call Imp              Summ           100%       N/A       1%          2
c - Call Canine Familiar  Summ           52%        N/A       1%          3
d - Summon Guardian Gole  Hex/Summ       44%        N/A       2%          3
e - Poisonous Vapours     Pois/Air       70%        N/A       2%          2
f - Momentum Strike       Conj/Tloc      70%        3d9       2%          2
g - Summon Lightning Spi  Summ/Air       44%        N/A       9%          4
h - Blink                 Tloc           70%        N/A       2%          2

Your spell library contained the following spells:

 Spells                   Type           Power      Damage    Failure   Level
 Slow                     Hex            100%       N/A       1%          1
 Sting                    Tmut/Pois      100%       1d8       1%          1
 Lesser Beckoning         Tloc           70%        N/A       2%          2
 Confusing Touch          Hex            35%        N/A       5%          3
 Dazzling Flash           Conj/Hex       70%        N/A       5%          3
 Gell's Gravitas          Tloc           35%        N/A       5%          3
 Teleport Other           Tloc           35%        N/A       5%          3
 Vampiric Draining        Necr           35%        2d8       5%          3
 Olgreb's Toxic Radiance  Pois           35%        N/A       19%         4
 Agony                    Necr           35%        N/A       45%         5
 Silence                  Hex/Air        17%        N/A       45%         5
 Dispersal                Tloc           17%        N/A       96%         6


Dungeon Overview and Level Annotations

Branches:
Dungeon (11/15)            Temple (0/1) D:6            Lair (0/5) D:9
    Orc: D:9-12

Altars:
Cheibriados
Elyvilon
Gozag
Makhleb
Nemelex Xobeh
Okawaru
Qazlal
Uskayaw
Wu Jian
Zin
Jiyva

Annotations:
D:8 2 transporters, suduhmizer's ghost, novice MiBe
D:9 3 runed translucent doors, GloriousHammer's ghost, journeyman OgIE


Innate Abilities, Weirdness & Mutations

You have very sharp teeth.
Your uncanny sense of smell can sniff out nearby items.
Your experience applies equally to all skills.
Your mind is very acute. (Int +8, Str/Dex -2)
You heal very quickly.
Armour fits poorly on your large pseudopods.
You have great hidden genetic potential.
You have a small jelly attached to you that senses nearby items.
Your melee attacks may engulf your foes in ooze.


Message History

Your azure jelly hits the boulder beetle but does no damage. x2
You hit the boulder beetle but do no damage.
You punch the boulder beetle, but do no damage.
The boulder beetle is lightly wounded.
Something hits you. The boulder beetle bites you! The manticore bites you!
The manticore claws you!
* * * LOW HITPOINT WARNING * * *
The manticore claws you!
* * * LOW HITPOINT WARNING * * *
Something hits you but does no damage.
Your azure jelly hits the boulder beetle but does no damage. x4
Your cerulean imp hits the boulder beetle but does no damage.
Okay, then.
Okay, then.
Activating: Oozemancy (1% risk of failure)
Press: ? - help, Dir - look around, f - activate Slime begins to ooze from the nearby walls!
The walls burn something!
Something hits you but does no damage.
The walls burn the boulder beetle!
The boulder beetle bites you but does no damage.
The manticore bites you.
* * * LOW HITPOINT WARNING * * *
The manticore completely misses you. The manticore claws you!
* * * LOW HITPOINT WARNING * * *
Your azure jelly hits the boulder beetle but does no damage.
Your azure jelly barely misses the boulder beetle.
Your azure jelly hits the boulder beetle. x2
The walls burn something!
Something hits you but does no damage. The walls burn your cerulean imp!
Your cerulean imp hits the boulder beetle but does no damage.
Your cerulean imp disappears in a puff of smoke!
Jiyva gurgles merrily.
You sock the boulder beetle!
You bite the boulder beetle, but do no damage.
You bludgeon the boulder beetle, but do no damage.
The boulder beetle is moderately wounded.
The walls burn something!
Something hits you!
* * * LOW HITPOINT WARNING * * *
The walls burn something!
Something hits you!
You die...

∆ ####............ ####
##...######## ##...
∆∆∆#...##...... #..[..
∆∆ ∆#...........
#)....###∆∆##...##......
#$.H$.'.####....##......
##...##...J......#......
.#####.)H........#......
......B@{........#...^..
##.+##J##..####+##....##
#. #..# #....## #.....#
......#. #.....#
.......+. ∆ #.....#
.......#. ## ## #


You could see a boulder beetle (ally target), a manticore, a neutral jelly
(wandering) (fellow slime) and a friendly azure jelly (summoned).

Vanquished Creatures
  Erica (D:10)
  Joseph (D:10)
  A troll (D:10)
  A shadow (D:10)
  3 yaks (D:9)
  2 wyverns
  2 water moccasins (D:9)
  Pargi (D:3)
  A black bear (D:9)
  An orc warrior (D:6)
  A sky beast (D:7)
  5 centaurs
  2 phantoms
  2 bullfrogs
  A kobold brigand (D:4)
  2 scorpions
  A gnoll sergeant (D:9)
  A wight (D:7)
  4 killer bees (D:9)
  A howler monkey (D:7)
  An orc priest (D:8)
  4 hounds
  2 iguanas
  An orc wizard (D:11)
  3 adders
  4 gnolls
  3 dart slugs
  6 orcs
  3 giant cockroaches
  5 goblins
  3 hobgoblins
  2 kobolds
  A quokka (D:1)
  A bat (D:1)
  3 rats
  4 bushes (D:4)
80 creatures vanquished.

Vanquished Creatures (collateral kills)
  A two-headed ogre (D:10)
  A gargoyle (D:10)
  A troll (D:9)
  Sigmund (D:3)
  A wyvern (D:9)
  3 water moccasins
  An ice beast (D:7)
  3 ogres
  2 wolves (D:9)
  5 black bears
  A centaur (D:6)
  Blork the orc (D:4)
  2 bullfrogs (D:7)
  3 scorpions
  A wight (D:7)
  Crazy Yiuf (D:3)
  2 orc priests
  3 gnoll boudas
  2 hounds
  An iguana (D:6)
  A scorpion zombie (D:4)
  4 orc wizards (D:8)
  12 gnolls
  3 adders
  A shadow imp (D:8)
  An ufetubus (D:6)
  An adder zombie (D:4)
  16 orcs
  2 giant cockroaches
  3 hobgoblins
  4 jackals (D:1)
  A quokka (D:1)
  4 ball pythons
  2 bats
  3 frilled lizards (D:2)
  2 goblins (D:1)
  9 kobolds
  7 rats
112 creatures vanquished.

Vanquished Creatures (others)
  2 wyverns (D:9)
  A steam dragon (D:7)
  An orc warrior (D:10)
  A sky beast (D:7)
  An ice beast (D:7)
  A centaur (D:9)
  A gnoll sergeant (D:7)
  2 scorpions (D:4)
  A bullfrog (D:7)
  A wight (D:7)
  26 jellies
  2 sleepcaps (D:4)
  An orc wizard (D:5)
  6 gnolls
  An adder (D:3)
  2 adder zombies (D:4)
  2 orcs (D:5)
  A ball python (D:3)
  4 bushes (D:9)
  5 fungi (D:9)
  31 plants
  A withered plant (D:4)
94 creatures vanquished.

Grand Total: 286 creatures vanquished

Notes
Turn   | Place    | Note
-------+----------+-------------------------------------------
     0 | D:1      | booth the Gnoll Summoner began the quest for the Orb.
     0 | D:1      | Reached XP level 1. HP: 13/13 MP: 6/6
   332 | D:1      | Reached XP level 2. HP: 19/19 MP: 4/7
   336 | D:1      | Learned a level 2 spell: Call Imp
   636 | D:1      | Reached skill level 5 in Spellcasting
   636 | D:1      | Reached XP level 3. HP: 25/25 MP: 7/9
   843 | D:1      | Reached skill level 1 in Invocations
  1224 | D:2      | Learned a level 3 spell: Call Canine Familiar
  1228 | D:2      | Learned a level 3 spell: Summon Guardian Golem
  1231 | D:2      | Learned a level 2 spell: Poisonous Vapours
  1243 | D:2      | Reached skill level 1 in Fighting
  1243 | D:2      | Reached skill level 1 in Short Blades
  1243 | D:2      | Reached skill level 1 in Long Blades
  1243 | D:2      | Reached skill level 1 in Axes
  1243 | D:2      | Reached skill level 1 in Maces & Flails
  1243 | D:2      | Reached skill level 1 in Polearms
  1243 | D:2      | Reached skill level 1 in Staves
  1243 | D:2      | Reached skill level 1 in Ranged Weapons
  1243 | D:2      | Reached skill level 1 in Throwing
  1243 | D:2      | Reached skill level 1 in Armour
  1243 | D:2      | Reached skill level 1 in Shields
  1243 | D:2      | Reached skill level 1 in Unarmed Combat
  1243 | D:2      | Reached skill level 1 in Evocations
  1312 | D:2      | Reached XP level 4. HP: 32/32 MP: 11/11
  1449 | D:2      | Found a sparkling altar of Nemelex Xobeh.
  1647 | D:2      | Identified the +7 flail of Zeim {distort, *Corrode +Blink
                  | Str+9 Dex-5}
  1663 | D:2      | Found a faded altar of an unknown god.
  1671 | D:2      | Prayed at the altar of an unknown god.
  1671 | D:2      | Became a worshipper of Jiyva Juemy the Shapeless
  1671 | D:2      | Reached * piety under Jiyva
  1832 | D:3      | Noticed Sigmund
  1848 | D:3      | Killed Sigmund
  1849 | D:3      | Reached skill level 1 in Conjurations
  1849 | D:3      | Reached skill level 1 in Hexes
  1849 | D:3      | Reached skill level 1 in Necromancy
  1849 | D:3      | Reached skill level 1 in Translocations
  1849 | D:3      | Reached skill level 1 in Transmutations
  1849 | D:3      | Reached skill level 1 in Fire Magic
  1849 | D:3      | Reached skill level 1 in Ice Magic
  1849 | D:3      | Reached skill level 1 in Air Magic
  1849 | D:3      | Reached skill level 1 in Earth Magic
  1849 | D:3      | Reached skill level 1 in Poison Magic
  1849 | D:3      | Reached XP level 5. HP: 38/38 MP: 10/12
  1849 | D:3      | Reached XP level 6. HP: 44/44 MP: 10/13
  1893 | D:3      | Learned a level 2 spell: Momentum Strike
  1967 | D:3      | Upgraded the game from 0.30-b1-5-g8e6c1be481 to 0.30.0
  2013 | D:3      | Reached ** piety under Jiyva
  2089 | D:3      | Found a runed translucent door.
  2090 | D:3      | Noticed Crazy Yiuf
  2118 | D:3      | Killed Crazy Yiuf
  2130 | D:3      | Identified the +8 hammer "Niywuan" {pain, rCorr Dex+4}
  2305 | D:3      | Reached skill level 5 in Dodging
  2484 | D:3      | Noticed Pargi
  2491 | D:3      | Killed Pargi
  2864 | D:4      | Noticed Blork the orc
  2879 | D:4      | Reached XP level 7. HP: 51/51 MP: 12/15
  2882 | D:4      | Killed Blork the orc
  3008 | D:4      | Reached skill level 5 in Stealth
  3209 | D:4      | Reached *** piety under Jiyva
  3784 | D:5      | Entered Level 5 of the Dungeon
  3853 | D:5      | Gained mutation: Your mind is acute. (Int +4, Str/Dex -1)
                  | [Jiyva's grace]
  3853 | D:5      | Gained mutation: Your mind is very acute. (Int +8, Str/Dex
                  | -2) [Jiyva's grace]
  3853 | D:5      | Gained mutation: You are partially covered in iridescent
                  | scales. (AC +2) [Jiyva's grace]
  3853 | D:5      | Gained mutation: You are mostly covered in iridescent
                  | scales. (AC +4) [Jiyva's grace]
  3862 | D:5      | Found an iron altar of Okawaru.
  3902 | D:5      | Reached XP level 8. HP: 56/58 MP: 16/16
  4407 | D:5      | Reached **** piety under Jiyva
  4564 | D:6      | Found an opulent altar of Gozag.
  4600 | D:6      | Found a glowing silver altar of Zin.
  4636 | D:6      | Reached XP level 9. HP: 65/65 MP: 18/18
  4856 | D:6      | Reached skill level 8 in Summonings
  5083 | D:6      | Found a staircase to the Ecumenical Temple.
  5217 | D:7      | Reached skill level 5 in Invocations
  5282 | D:7      | Reached skill level 5 in Fighting
  5282 | D:7      | Reached skill level 5 in Short Blades
  5282 | D:7      | Reached skill level 5 in Long Blades
  5282 | D:7      | Reached skill level 5 in Axes
  5282 | D:7      | Reached skill level 5 in Maces & Flails
  5282 | D:7      | Reached skill level 5 in Polearms
  5282 | D:7      | Reached skill level 5 in Staves
  5282 | D:7      | Reached skill level 5 in Ranged Weapons
  5282 | D:7      | Reached skill level 5 in Throwing
  5282 | D:7      | Reached skill level 5 in Armour
  5282 | D:7      | Reached skill level 5 in Shields
  5282 | D:7      | Reached skill level 5 in Unarmed Combat
  5282 | D:7      | Reached skill level 5 in Evocations
  5282 | D:7      | Reached XP level 10. HP: 68/74 MP: 16/20
  5372 | D:7      | Learned a level 4 spell: Summon Lightning Spire
  5540 | D:7      | Learned a level 2 spell: Blink
  6041 | D:8      | Reached ***** piety under Jiyva
  6308 | D:8      | Found a burning altar of Makhleb.
  6308 | D:8      | Noticed a cacodemon
  6366 | D:8      | Found a transporter.
  6375 | D:8      | Noticed suduhmizer's ghost (novice MiBe)
  6375 | D:8      | Identified the ring "Samor" {rPois rCorr Str-5 Int+6 Dex+4}
  6377 | D:8      | Lost mutation: You are mostly covered in iridescent scales.
                  | (AC +4) [Jiyva's grace]
  6377 | D:8      | Gained mutation: You have a small jelly attached to you
                  | that senses nearby items. [Jiyva's grace]
  6377 | D:8      | Gained mutation: Your melee attacks may engulf your foes in
                  | ooze. [Jiyva's grace]
  6377 | D:8      | Gained mutation: Armour fits poorly on your pseudopods.
                  | [Jiyva's grace]
  6377 | D:8      | Gained mutation: Armour fits poorly on your large
                  | pseudopods. [Jiyva's grace]
  6390 | D:8      | Found a transporter.
  6536 | D:8      | Found a stormy altar of Qazlal.
  6630 | D:8      | Found an ornate altar of the Wu Jian Council.
  7179 | D:9      | You fall into a shaft and drop 2 floors!
  7214 | D:11     | Noticed a boulder beetle
  7240 | D:10     | Entered Level 10 of the Dungeon
  7244 | D:10     | Found a white marble altar of Elyvilon.
  7284 | D:10     | Noticed Joseph
  7300 | D:10     | Killed Joseph
  7307 | D:10     | Noticed a two-headed ogre
  7314 | D:10     | Killed a two-headed ogre
  7315 | D:10     | Reached skill level 5 in Conjurations
  7315 | D:10     | Reached skill level 5 in Hexes
  7315 | D:10     | Reached skill level 5 in Necromancy
  7315 | D:10     | Reached skill level 5 in Translocations
  7315 | D:10     | Reached skill level 5 in Transmutations
  7315 | D:10     | Reached skill level 5 in Fire Magic
  7315 | D:10     | Reached skill level 5 in Ice Magic
  7315 | D:10     | Reached skill level 5 in Air Magic
  7315 | D:10     | Reached skill level 5 in Earth Magic
  7315 | D:10     | Reached skill level 5 in Poison Magic
  7315 | D:10     | Reached XP level 11. HP: 53/81 MP: 19/22
  7362 | D:10     | Noticed Erica
  7363 | D:10     | Found a hide-covered altar of Uskayaw.
  7371 | D:10     | Killed Erica
  7463 | D:10     | Noticed a two-headed ogre
  7473 | D:10     | Slimified a two-headed ogre
  7473 | D:10     | a two-headed ogre changed into an azure jelly
  7473 | D:10     | Noticed an azure jelly
  7929 | D:9      | Reached skill level 9 in Summonings
  8183 | D:9      | Found a staircase to the Lair.
  8342 | D:9      | Found a runed translucent gate.
  8343 | D:9      | Found a runed translucent gate.
  8343 | D:9      | Noticed GloriousHammer's ghost (journeyman OgIE)
  8344 | D:9      | Found a runed translucent gate.
  8344 | D:9      | Noticed a nine-headed hydra
  8730 | D:10     | Lost mutation: You are partially covered in iridescent
                  | scales. (AC +2) [Jiyva's grace]
  8730 | D:10     | Gained mutation: You have hidden genetic potential.
                  | [Jiyva's grace]
  8730 | D:10     | Gained mutation: You have great hidden genetic potential.
                  | [Jiyva's grace]
  8730 | D:10     | Gained mutation: Your natural rate of healing is unusually
                  | fast. [Jiyva's grace]
  8730 | D:10     | Gained mutation: You heal very quickly. [Jiyva's grace]
  8866 | D:10     | Found a snail-covered altar of Cheibriados.
  9154 | D:11     | Noticed a manticore
  9167 | D:11     | Slain by an unseen horror

Illustrated notes

Levels and vault maps discovered:
D:1:      heliophobic_arrival_dark_side_of_the_moon, layout_basic
D:2:      layout_rooms, shapermc_ecumenical_altar_mp_ritualfount, basic_altar
D:3:      layout_loops_corners, chequers_serial_rivers_micro_a,
          minmay_misc_feat_square, uniq_pargi, uniq_sigmund,
          uniq_crazy_yiuf_cottage
D:4:      layout_rooms, serial_undead, serial_undead_a, serial_undead_d,
          serial_undead_c, serial_undead_c, lexackson_kobold_supper,
          uniq_blork_the_orc
D:5:      layout_basic, nicolae_overflow_crystal_walls, minmay_misc_feat_pillars
D:6:      layout_basic, pdpol_temple_overflow_zin_treasury_gozag_greed,
          minmay_temple_entry_statues
D:7:      layout_basic, minmay_fractal_squares_diagonal_5
D:8:      layout_loops_ring, mainiacjoe_overflow_alcove_2,
          makhleb_altar_promises_db, pdpol_wu_jian_five_deadly_venoms,
          nzn_ghost_randoct, nicolae_lava_and_water
D:9:      layout_loops_cross, minmay_lair_entry_grove,
          gammafunk_ghost_hydra_chop, minmay_hedge_maze
D:10:     layout_basic, elyvilon_altar_1, lemuel_round_altar,
          kennysheep_slug_shrine, uniq_erica, uniq_joseph
D:11:     layout_gridville, orc_0_dummy, minmay_joined_circles

Skill      XL: |  1  2  3  4  5  6  7  8  9 10 11 |
---------------+----------------------------------+-----
Spellcasting   | 5 6 7 8 |  8.2
Invocations    | 1 2 3 4 5 6 7 |  7.0
Fighting       | 1 2 3 5 6 |  6.4
Short Blades   | 1 2 3 5 6 |  6.4
Long Blades    | 1 2 3 5 6 |  6.4
Axes           | 1 2 3 5 6 |  6.4
Maces & Flails | 1 2 3 5 6 |  6.4
Polearms       | 1 2 3 5 6 |  6.4
Staves         | 1 2 3 5 6 |  6.4
Ranged Weapons | 1 2 3 5 6 |  6.4
Throwing       | 1 2 3 5 6 |  6.4
Armour         | 1 2 3 5 6 |  6.4
Shields        | 1 2 3 5 6 |  6.4
Unarmed Combat | 1 2 3 5 6 |  6.4
Evocations     | 1 2 3 5 6 |  6.4
Conjurations   | 1 2 3 4 5 |  5.3
Hexes          | 1 2 3 4 5 |  5.3
Necromancy     | 1 2 3 4 5 |  5.3
Translocations | 1 2 3 4 5 |  5.3
Transmutations | 1 2 3 4 5 |  5.3
Fire Magic     | 1 2 3 4 5 |  5.3
Ice Magic      | 1 2 3 4 5 |  5.3
Air Magic      | 1 2 3 4 5 |  5.3
Earth Magic    | 1 2 3 4 5 |  5.3
Poison Magic   | 1 2 3 4 5 |  5.3
Dodging        | 5 6 7 8 |  8.0
Stealth        | 5 6 7 |  7.7
Summonings     | 8 9 |  9.0

Action                     |  1- 3 |  4- 6 |  7- 9 | 10-12 || total
---------------------------+-------+-------+-------+-------++-------
  Melee: Unarmed           |    43 |       |       |       ||    43
         Bite              |     4 |     7 |    66 |    12 ||    89
         Short sword       |     5 |    15 |       |       ||    20
         Mace              |       |    16 |   286 |   112 ||   414
         Punch             |       |       |    12 |     3 ||    15
         Pseudopods        |       |       |       |    23 ||    23
  Throw: Dart              |       |       |     6 |     3 ||     9
   Cast: Summon Small Mamm |    16 |     2 |       |       ||    18
         Call Imp          |     7 |     8 |    26 |    20 ||    61
         Poisonous Vapours |     1 |       |       |       ||     1
         Call Canine Famil |       |     8 |    13 |    17 ||    38
         Summon Guardian G |       |     1 |     7 |     3 ||    11
 Invoke: Slimify           |       |       |       |     1 ||     1
         Oozemancy         |       |       |       |     1 ||     1
    Use: Scroll            |     4 |     1 |     3 |     4 ||    12
         Potion            |       |       |     6 |     2 ||     8
   Stab: Sleeping          |       |     1 |     1 |       ||     2
         Distracted        |       |     1 |     2 |     2 ||     5
 Armour: Robe              |    15 |     4 |       |       ||    19
         Quicksilver drago |       |    11 |   103 |    68 ||   182
  Dodge: Dodged            |    34 |    21 |   104 |   114 ||   273
